FIQ, neutral male scurrid Tourist < r FIQ the Rambler Experience level: 1 Strength: 9 Dexterity: 8 Constitution: 14 Intelligence: 16 Wisdom: 11 Charisma: 17 Health: 9(9) Energy: 2(2) Def: 0 Gold: 396 Moves: 87 Dungeon seed: 57B66fGJJJUrIXvj Game ID: FIQ_1498603318 Your Inventory: Coins $ - 396 gold pieces Weapons a - 45 uncursed +2 darts (in quiver) Armor e - an uncursed +0 Hawaiian shirt (being worn) Comestibles b - 3 uncursed tripe rations c - an uncursed lembas wafer d - 7 uncursed food rations f - an uncursed fortune cookie g - an uncursed tin of kobold meat h - an uncursed tin of newt meat Scrolls j - 4 uncursed scrolls of magic mapping Potions i - 2 uncursed potions of extra healing Wands m - an uncursed wand of secret door detection (0:12) Tools k - an uncursed expensive camera (0:65) l - an uncursed credit card n - an uncursed towel Spells and supernatural/magical abilities: Name Level Category Fail Memory W - pray for help -- divine ? -- Your skills at the end: Miscellaneous Skills wands [Basic] Weapon Skills dart [Basic] Spellcasting Skills Final Attributes: You were devoutly aligned. You had infravision. You were very stealthy. You survived. Voluntary challenges: You went without food. You did not adorn yourself with jewelry or accessories. You did not cause conflict. You were not invisible. You did not have reflection. You were not displaced. You were an atheist. You never hit with a wielded weapon. You were a pacifist. You did not use tools. You did not use plumbed fixtures. You did not drink any magical draughts. You were illiterate. You never genocided any monsters. You never polymorphed an object. You never changed form. You used no wishes. You never split a pudding. You never wrote Elbereth's name. You never violated your personal moral code. Dungeon overview: The Dungeons of Doom: levels 1 to 30 Level 1 a long staircase Level 2 Level 3 Level 4 Level 5 Level 6 a fountain Level 7 Level 8 Level 9 Level 10 a fountain Level 11 Level 12 Level 13 Level 14 Level 15 a sink Level 16 a fountain Level 17 Level 18 Level 19 Level 20 Level 21 Level 22 Level 23 Level 24 Level 25 Level 26 Level 27 Level 28 Level 29 Level 30 <- You were here History has recorded: On T:1 you entered the Dungeons of Doom to retrieve the Amulet of Yendor! On T:4 you reached level 2 of The Dungeons of Doom. On T:6 you reached level 3 of The Dungeons of Doom. On T:8 you reached level 4 of The Dungeons of Doom. On T:10 you reached level 5 of The Dungeons of Doom. On T:13 you reached level 6 of The Dungeons of Doom. On T:15 you reached level 7 of The Dungeons of Doom. On T:17 you reached level 8 of The Dungeons of Doom. On T:19 you reached level 9 of The Dungeons of Doom. On T:22 you reached level 10 of The Dungeons of Doom. On T:25 you reached level 11 of The Dungeons of Doom. On T:28 you reached level 12 of The Dungeons of Doom. On T:30 you reached level 13 of The Dungeons of Doom. On T:32 you reached level 14 of The Dungeons of Doom. On T:34 you reached level 15 of The Dungeons of Doom. On T:37 you reached level 16 of The Dungeons of Doom. On T:39 you reached level 17 of The Dungeons of Doom. On T:39 you entered the Rogue tribute level. On T:41 you reached level 18 of The Dungeons of Doom. On T:43 you reached level 19 of The Dungeons of Doom. On T:47 you reached level 20 of The Dungeons of Doom. On T:49 you reached level 21 of The Dungeons of Doom. On T:52 you reached level 22 of The Dungeons of Doom. On T:54 you reached level 23 of The Dungeons of Doom. On T:56 you reached level 24 of The Dungeons of Doom. On T:58 you reached level 25 of The Dungeons of Doom. On T:61 you reached level 26 of The Dungeons of Doom. On T:63 you reached level 27 of The Dungeons of Doom. On T:65 you reached level 28 of The Dungeons of Doom. On T:68 you reached level 29 of The Dungeons of Doom. On T:70 you reached The Castle. Score breakdown: Gold: 266 ( 26 points) Experience: 1 level ( 0 points) Exploration: 30 levels ( 870 points) Discoveries: 0 items ( 0 points) Variety of kills: 0 monsters ( 0 points) Major goal: (nothing yet) ( 0 points) Survival: quit (score multiplied by 3) Total score: 2688 Latest messages: You continue digging downward. The ground here is too hard to dig in. You continue digging downward. The ground here is too hard to dig in. You continue digging downward. The ground here is too hard to dig in. You continue digging downward. The ground here is too hard to dig in. You continue digging downward. The ground here is too hard to dig in. You continue digging downward. The ground here is too hard to dig in. You continue digging downward. The ground here is too hard to dig in. You continue digging downward. The ground here is too hard to dig in. You continue digging downward. The ground here is too hard to dig in. You continue digging downward. The ground here is too hard to dig in. You continue digging downward. The ground here is too hard to dig in. You continue digging downward. The ground here is too hard to dig in. You continue digging downward. The ground here is too hard to dig in. That command is only available in debug mode. Final status: Aloha FIQ the Tourist, quit... You quit in The Dungeons of Doom on dungeon level 30 with 2688 points, and 396 pieces of gold, after 87 moves. You were level 1 with a maximum of 9 hit points when you quit.